Map: [ESL] Data-C

Players

Raza

  • Race: Terran Terran
  • Spawn Location: 9:00

Mixu - Winner!

  • Race: Zerg Zerg
  • Spawn Location: 3:00

Event: DreamHack SC2 Masters 2022 Atlanta (Offline)

VOD

Have the link to the VOD?

Description

Time

  • Played on: Nov. 18, 2022, 1:27 p.m.
  • Length: 11:52

All games in this series

Show
View Real Time Build Order
Export as new Build Order

Raza Terran 

Build Orders: 2 Factory, Mech 

Get SALT Encoding   

  12  0:00  SCV  
  13  0:12  SCV  
  14  0:17  Supply Depot  
  14  0:24  SCV  
  15  0:43  Barracks  
  15  0:49  Barracks  
  15  0:53  SCV  
  16  1:05  SCV  
  17  1:17  Refinery, SCV  
  18  1:30  Marine  
  18  1:32  Orbital Command  
  19  1:37  Supply Depot, Marine  
  20  1:49  Marine  
  21  1:55  Marine  
  22  2:01  Bunker  
  22  2:03  SCV  
  23  2:13  Bunker, Marine  
  24  2:15  SCV  
  24  2:22  Supply Depot  
  25  2:24  Marine  
  26  2:35  SCV  
  28  2:39  Factory  
  27  2:58  SCV  
  25  3:02  Command Center  
  25  3:10  Factory  
  25  3:12  SCV  
  26  3:18  Refinery  
  26  3:22  Factory Reactor  
  26  3:24  SCV  
  27  3:36  SCV  
  28  3:48  SCV  
  28  3:52  Marine  
  28  3:54  Factory Tech Lab  
  31  4:00  Hellion x2, SCV  
  36  4:07  Command Center  
  35  4:14  Orbital Command  
  36  4:17  Infernal Pre-Igniter  
  36  4:21  Hellion  
  36  4:23  SCV  
  38  4:28  Hellion  
  40  4:32  Hellion  
  40  4:35  SCV  
  43  4:41  SCV  
  44  4:47  Hellion  
  44  4:48  SCV  
  47  4:52  Supply Depot  
  47  4:53  SCV  
  47  4:56  Hellion  
  47  4:58  Hellion  
  50  5:11  Hellion  
  52  5:15  SCV  
  52  5:18  Hellion, Factory, SCV  
  52  5:20  Orbital Command  
  56  5:27  SCV  
  57  5:29  Hellion  
  57  5:30  SCV, Armory  
  60  5:38  Hellion  
  60  5:39  SCV  
  63  5:43  SCV  
  63  5:44  Armory  
  63  5:47  Hellion  
  63  5:48  SCV  
  67  5:51  SCV  
  67  5:55  Hellion, SCV  
  69  6:01  Hellion  
  69  6:06  SCV  
  69  6:08  SCV  
  69  6:10  Hellion  
  64  6:18  Factory Tech Lab  
  64  6:19  Terran Vehicle Weapons Level 1  
  64  6:22  Hellion, Orbital Command  
  64  6:23  Hellion  
  66  6:27  SCV  
  66  6:29  Supply Depot, Refinery  
  66  6:30  Refinery  
  66  6:34  Supply Depot, Hellion  
  66  6:36  Terran Vehicle And Ship Armor Level 1, SCV  
  66  6:39  SCV  
  70  6:43  Siege Tank  
  73  6:48  SCV  
  73  6:50  Siege Tank  
  73  6:52  SCV  
  78  6:54  SCV  
  78  7:00  Hellion  
  79  7:01  Hellion  
  79  7:02  SCV  
  79  7:04  SCV  
  79  7:06  SCV  
  84  7:14  SCV  
  85  7:17  Hellion  
  85  7:18  SCV  
  85  7:19  Factory x2  
  88  7:22  Supply Depot  
  88  7:23  SCV  
  88  7:24  Supply Depot  
  88  7:29  Siege Tank  
  92  7:38  SCV  
  92  7:39  Supply Depot  
  92  7:42  Refinery  
  93  7:44  Hellion x2  
  93  7:47  Command Center  
  93  7:48  SCV  
  98  7:53  Refinery, Siege Tank, SCV  
  98  7:55  SCV  
  98  7:56  Supply Depot  
  98  7:57  Engineering Bay  
  103  8:02  Factory Tech Lab  
  103  8:03  Factory Tech Lab  
  103  8:05  SCV  
  104  8:07  SCV, Starport  
  104  8:08  SCV  
  104  8:10  Supply Depot  
  106  8:14  Hellion  
  106  8:15  Hellion  
  106  8:17  SCV  
  111  8:20  Siege Tank  
  111  8:23  Siege Tank  
  113  8:32  Siege Tank  
  113  8:33  SCV x2  
  116  8:39  SCV, Terran Vehicle Weapons Level 2  
  109  8:50  Terran Vehicle And Ship Armor Level 2  
  105  9:05  Thor x2  
  105  9:06  Hellion x2  
  105  9:07  Cyclone  
  124  9:14  SCV x2  
  124  9:15  Starport Reactor  
  124  9:16  Starport Tech Lab  
  126  9:17  SCV  
  126  9:21  Thor  
  133  9:26  SCV  
  133  9:31  Hellion x2  
  138  9:32  SCV  
  138  9:35  Supply Depot  
  141  9:39  Siege Tank  
  141  9:40  Banshee  
  143  9:48  Hellion, Siege Tank  
  134  9:55  Hellion  
  134  9:56  Hellion  
  138  10:04  Thor  
  122  10:09  Siege Tank  
  122  10:11  Siege Tank  
  122  10:12  Planetary Fortress  
  127  10:17  Hellion  
  127  10:20  Hellion x2  
  134  10:24  Banshee  
  134  10:25  SCV  
  134  10:27  SCV  
  138  10:35  SCV  
  139  10:37  SCV, Orbital Command  
  139  10:38  Hellion  
  139  10:41  Hellion, Siege Tank  
  147  10:44  Hellion  
  147  10:49  Siege Tank  
  146  10:50  Siege Tank  
  125  11:00  Hellion  
  127  11:08  SCV, Hellion x2  
  132  11:14  Hellion  
  134  11:21  Hellion  
Show
View Real Time Build Order
Export as new Build Order

Mixu Zerg - Winner!

Build Orders: Hatch First, Swarm Host 

Get SALT Encoding   

  12  0:00  Drone  
  13  0:12  Overlord  
  13  0:16  Drone  
  14  0:30  Drone x2  
  16  0:48  Hatchery  
  15  0:52  Drone  
  15  0:55  Drone  
  17  0:59  Drone  
  18  1:09  Extractor  
  17  1:14  Spawning Pool  
  17  1:17  Drone  
  17  1:20  Drone  
  18  1:27  Drone  
  19  1:38  Drone  
  20  1:52  Overlord  
  20  2:01  Queen x2  
  20  2:02  Spine Crawler  
  20  2:03  Zergling x2  
  20  2:05  Zergling x2  
  25  2:10  Zergling x2  
  25  2:15  Overlord  
  26  2:24  Zergling x4  
  28  2:34  Zergling x4  
  29  2:43  Drone x2  
  31  2:55  Drone  
  31  2:56  Drone  
  32  3:00  Queen  
  32  3:05  Overlord  
  34  3:06  Drone  
  35  3:16  Metabolic Boost  
  35  3:24  Drone x4  
  35  3:25  Drone  
  42  3:37  Drone  
  42  3:40  Overlord  
  41  3:44  Hatchery  
  41  3:48  Drone x2  
  42  3:50  Drone  
  43  3:57  Queen  
  43  3:59  Drone x2  
  43  4:02  Drone  
  48  4:03  Drone  
  48  4:05  Drone  
  48  4:08  Overlord  
  50  4:10  Drone  
  51  4:26  Queen  
  51  4:28  Drone x5  
  51  4:30  Overlord  
  58  4:33  Drone  
  59  4:45  Overlord  
  59  4:48  Queen  
  59  4:50  Drone x4  
  65  4:56  Queen  
  65  4:59  Drone  
  68  5:01  Drone x3  
  68  5:04  Drone x3  
  72  5:10  Drone x3  
  74  5:15  Drone x2  
  74  5:17  Extractor  
  75  5:21  Queen, Hatchery  
  75  5:25  Zergling x6  
  78  5:30  Overlord  
  78  5:31  Lair  
  78  5:34  Spore Crawler  
  78  5:35  Spore Crawler  
  76  5:36  Spore Crawler  
  76  5:37  Drone x2  
  76  5:39  Drone  
  76  5:40  Baneling Nest, Drone  
  78  5:44  Drone x4, Extractor  
  81  5:51  Roach Warren  
  81  5:53  Queen  
  81  5:59  Evolution Chamber  
  81  6:00  Queen  
  81  6:03  Evolution Chamber  
  75  6:05  Zergling x8  
  75  6:09  Drone x2  
  78  6:15  Drone  
  78  6:16  Drone x7  
  82  6:25  Zerg Missile Weapons Level 1  
  82  6:28  Overlord x3  
  82  6:39  Drone x6  
  88  6:40  Extractor  
  88  6:41  Drone, Extractor  
  88  6:44  Extractor  
  88  6:45  Drone x2  
  88  6:55  Roach x7  
  88  6:57  Glial Reconstitution  
  102  7:06  Drone  
  103  7:09  Drone x2  
  103  7:10  Drone x3  
  103  7:11  Drone  
  103  7:14  Overseer  
  109  7:17  Overlord x3  
  109  7:18  Drone  
  110  7:28  Drone  
  110  7:29  Roach  
  112  7:41  Drone x7  
  112  7:42  Drone x3  
  112  7:44  Drone x3  
  125  7:46  Drone  
  125  7:50  Infestation Pit  
  121  7:54  Drone  
  121  7:56  Extractor  
  121  7:58  Extractor, Overlord x4  
  120  7:59  Roach x6  
  132  8:05  Hatchery  
  132  8:07  Roach x2  
  135  8:17  Overlord x2  
  135  8:19  Zerg Missile Weapons Level 2  
  135  8:21  Roach x4  
  143  8:28  Ravager x2  
  143  8:29  Roach x7  
  143  8:32  Overlord x2  
  156  8:38  Swarm Host x5  
  171  8:46  Swarm Host x4  
  177  8:50  Overlord  
  177  8:55  Swarm Host x4  
  177  8:56  Swarm Host x2  
  177  9:02  Swarm Host x2  
  193  9:08  Hive  
  195  9:14  Ravager x2  
  197  9:19  Drone x2  
  199  9:29  Nydus Network  
  198  9:34  Ravager  
  198  9:37  Extractor  
  198  9:40  Spore Crawler  
  198  9:44  Extractor  
  196  10:01  Baneling Nest  
  196  10:04  Roach x7  
  194  10:07  Zergling x8  
  196  10:17  Ravager x2  
  196  10:18  Nydus Canal, Ravager x4  
  200  10:41  Nydus Canal  
  200  10:42  Hatchery  
  199  10:43  Spine Crawler  
  192  10:52  Roach x5  
  193  11:06  Zergling x12  
  199  11:12  Hatchery  
  199  11:14  Nydus Canal  
  198  11:22  Zergling x2  
  199  11:30  Roach x3  
  188  11:48  Evolution Chamber  
Tags
 
Add a new tag
Caveats
  • Supply blocks, unpowered buildings, or Contaminate may cause inaccurate times.
  • Supply counts are checked every 10 seconds.